 Dungeon Crawl Stone Soup version 0.22-a0-571-g4a923d4 (webtiles) character file.

38 iamserjio the Covered (level 3, 22/24 HPs)
             Began as a Gargoyle Fighter on July 1, 2018.
             Quit the game on level 2 of the Dungeon.
             The game lasted 00:02:13 (342 turns).

iamserjio the Covered (Gargoyle Fighter)             Turns: 342, Time: 00:02:14

Health: 22/24      AC: 10    Str: 19    XL:     3   Next: 43%
Magic:  3/3        EV:  7    Int:  8    God:
Gold:   23         SH:  9    Dex: 10    Spells: 2/2 levels left

rFire    . . .     SeeInvis .   a - +0 war axe
rCold    . . .     Gourm    .   c - +0 shield
rNeg     + . .     Faith    .   b - +0 scale mail
rPois    ∞         Spirit   .   (no helmet)
rElec    +         Reflect  .   (no cloak)
rCorr    .         Harm     .   (no gloves)
MR       .....                  (no boots)
Stlth    ..........             (no amulet)
HPRegen  0.08/turn              (no ring)
MPRegen  0.08/turn              (no ring)

@: no status effects
A: negative energy resistance 1, electricity resistance, unbreathing,
petrification resistance, rot immunity, AC +3
a: no special abilities


You were on level 2 of the Dungeon.
You were not hungry.

You visited 1 branch of the dungeon, and saw 2 of its levels.

You collected 23 gold pieces.

Inventory:

Hand Weapons
 a - a +0 war axe (weapon)
Armour
 b - a +0 scale mail (worn)
 c - a +0 shield (worn)
Scrolls
 e - 2 scrolls of remove curse {unknown}
 g - a scroll of amnesia {unknown}
 h - a scroll of magic mapping {unknown}
Potions
 d - a potion of might
Comestibles
 f - a ration


   Skills:
 + Level 3.7 Fighting
 + Level 2.2 Axes
 + Level 3.7 Armour
 + Level 3.7 Shields


You had 2 spell levels left.
You didn't know any spells.
Your spell library was empty.

Dungeon Overview and Level Annotations

Branches:
Dungeon (2/15)

Altars:


Innate Abilities, Weirdness & Mutations

You are resistant to torment.
Your stone body is resilient. (AC +3)
You are immune to poison.
You resist negative energy. (rN+)
You are resistant to electric shocks. (rElec)
You can survive without breathing.
You are immune to petrification.
You are immune to rotting.


Message History

The dart slug bites you but does no damage.
You slash the dart slug!
You kill the dart slug!
h - a scroll labeled IDDUBL TEEHA A rat comes into view.
You see here a dart slug corpse.
Found a whip.
The rat bites you but does no damage.
You barely miss the rat. You block the rat's attack.
The rat closely misses you.
Your shield and scale mail prevent you from hitting the rat.
The rat barely misses you.
You slash the rat!
You kill the rat!
A kobold comes into view.
The kobold shouts!
The kobold hits you but does no damage.
You hit the kobold.
You kill the kobold!
Are you sure you want to abandon this character and quit the game? (Confirm with "yes".)

..........+.....#####.....
..........####..# ####
.#.<.....# ##.# ###.....##
#.# # ##...## #.#####.#
##'## #.......# #.#
##.###### #.# #.#
#####.### #@#
#.......###### #.#
#)#..........# #.#
...#...)####.# #.#
#..##.#..........#
......#..###.#####
#........# #.....#.##
#..##....


There were no monsters in sight!

Vanquished Creatures
  2 adders (D:2)
  A worm (D:2)
  A dart slug (D:2)
  3 bats (D:2)
  2 hobgoblins (D:2)
  2 frilled lizards
  A goblin (D:2)
  3 kobolds (D:2)
  4 rats (D:2)
19 creatures vanquished.

Notes
Turn   | Place    | Note
-------+----------+-------------------------------------------
     0 | D:1      | iamserjio the Gargoyle Fighter began the quest for the Orb.
     0 | D:1      | Reached XP level 1. HP: 14/14 MP: 1/1
    43 | D:2      | Reached XP level 2. HP: 19/19 MP: 2/2
   147 | D:2      | Reached XP level 3. HP: 6/23 MP: 3/3
   342 | D:2      | Quit the game

Vault maps used:
D:1:      grunt_arrival_crossed_arrows

Skill      XL: |  1 |
---------------+----+-----
Axes           | 2 |  2.2
Fighting       | |  3.7
Armour         | |  3.7
Shields        | |  3.7

Action                   || total
-------------------------++-------
Melee: War axe           ||    76
Armor: Scale mail        ||    66
Dodge: Dodged            ||    26
Block: Shield            ||    51

Table legend:
 A = Spawn XP
 B = Non-spawn XP
 C = Spawn XP percentage of total XP
 D = Spawn monster count
 E = Non-spawn monster count
 F = Spawn count percentage of total count
 G = Total turns spent on level
                    A         B        C        D         E        F      G
               +---------+---------+-------+---------+---------+-------+---------
         Total |       0 |      55 |   0.0 |       0 |      19 |   0.0 |   342
               +---------+---------+-------+---------+---------+-------+---------
           D:1 |       0 |       1 |   0.0 |       0 |       1 |   0.0 |    43
           D:2 |       0 |      54 |   0.0 |       0 |      18 |   0.0 |   299
               +---------+---------+-------+---------+---------+-------+---------
